 Dungeon Crawl Stone Soup version bcrawl-1.21.2-28-g2cb1824106 (webtiles) character file.

Game seed: 13545163870260775144

1854 MisterOstroum the Cutter (level 9, -1/56 HPs)
             Began as a Twilight Stalker Archaeologist on Mar 5, 2020.
             Was a High Priest of Uskayaw.
             Slain by a killer bee (4 damage)
             ... on level 7 of the Dungeon.
             The game lasted 00:07:32 (6130 turns).

MisterOstroum the Cutter (VSAc)                     Turns: 6130, Time: 00:07:33

Health: -1/56      AC:  7    Str: 17    XL:     9   Next: 12%
Magic:  0/13       EV: 13    Int: 14    God:    Uskayaw [*****.]
Gold:   273        SH:  0    Dex: 13    Spells: 8/8 levels left

rFire    . . .     SeeInvis .   f - +2 rapier (vamp)
rCold    . . .     Gourm    .   (no shield)
rNeg     . . .     Faith    .   b - +1 robe
rPois    .         Spirit   +   c - +1 hat
rElec    .         Reflect  .   F - scarf {Spirit}
rCorr    .         Harm     .   (no gloves)
MR       .....                  d - +2 pair of boots
Stlth    ++++++....             q - amulet of regeneration
HPRegen  0.98/turn              i - ring of flight
MPRegen  0.13/turn              s - ring of stealth

@: lethally poisoned (-1 -> -1)
A: fangs 3, nightstalker 1, regeneration 1, no potion heal 3, rot immunity,
draining bite, strong jaws, assimilated armour
a: Stomp, Line Pass, Grand Finale, Renounce Religion, Evoke Flight


You were on level 7 of the Dungeon.
You worshipped Uskayaw.
Uskayaw was noncommittal.
You were not hungry.

You visited 1 branch of the dungeon, and saw 7 of its levels.

You collected 273 gold pieces.

Inventory:

Hand Weapons
 a - a +0 dagger
 f - a +2 vampiric rapier (weapon)
Missiles
 l - 2 throwing nets {!f!f}
 m - 2013 stones (quivered)
 p - 168 tomahawks
 A - 877 arrows
 B - 286 sling bullets
 H - 203 bolts
Armour
 b - a +1 robe (worn)
 c - a +1 hat (worn)
 d - a +2 pair of boots (worn)
 h - a scarf of resistance
 F - a scarf of spirit shield (worn)
Jewellery
 i - a ring of flight (left hand)
 k - an uncursed ring of positive energy
 q - an amulet of regeneration (around neck)
 s - a ring of stealth (right hand)
 w - an uncursed amulet of rage
 G - a cursed ring of teleportation {unknown}
 N - an uncursed ring of wizardry {unknown}
Wands
 I - a wand of flame (8)
Scrolls
 g - 4 scrolls of magic mapping {@r5 !r}
 j - 2 scrolls of identify {@r1}
 n - a scroll of fog {unknown}
 t - a scroll of immolation
 x - a scroll of enchant weapon {unknown}
 y - 2 scrolls of teleportation
 C - 4 scrolls of remove curse {@r2}
 D - a scroll of enchant armour
 M - a scroll of amnesia {unknown}
 P - a scroll of silence {unknown}
Potions
 o - 3 potions of lignification {unknown}
 r - 3 potions of curing
 u - a potion of invisibility
 v - a potion of haste {unknown}
 z - a potion of flight {unknown}
 E - a potion of mutation {unknown}
 J - a potion of ambrosia {unknown}
 L - a potion of cancellation {unknown}
 O - a potion of degeneration {unknown}
Comestibles
 e - 4 rations {!d}
 K - 4 chunks of flesh


   Skills:
 * Level 6.6 Fighting
 * Level 6.9 Short Blades
   Level 0.8 Maces & Flails
 - Level 3.0 Dodging
 - Level 4.4 Stealth
 + Level 4.4 Invocations


You had 8 spell levels left.
You didn't know any spells.
Your spell library contained the following spells:

 Spells                   Type           Power        Failure   Level  Hunger
 Apportation              Tloc           #.....       28%         1    ##.....
 Infusion                 Chrm           #.......     28%         1    ##.....
 Sandblast                Erth           #.....       28%         1    ##.....
 Slow                     Hex            #.......     28%         1    ##.....
 Summon Butterflies       Summ           #.......     28%         1    ##.....


Dungeon Overview and Level Annotations

Branches:
Dungeon (7/12)             Temple (0/1) D:5            Lair (0/6) D:7

Altars:
Fedhas
Kikubaaqudgha
Qazlal
Sif Muna
Uskayaw

Shops:
D:4 :


Innate Abilities, Weirdness & Mutations

You have razor-sharp teeth.
You are slightly more attuned to the shadows.
Your natural rate of healing is unusually fast.
Potions cannot restore your health.
You are immune to rotting.
Your bite drains your enemy's life force.
Your bites deal extra damage.
Your stealth is less affected by armour.


Message History

The killer bee stings you but does no damage.
You hit the killer bee.
You feel better.
The killer bee is heavily wounded.
The killer bee misses you. The killer bee barely misses you.
Uskayaw will force your foes to helplessly watch your dance.
Uskayaw prepares the audience for your solo!
The helpless killer bee fails to defend itself.
You spit the killer bee like a pig!!!
You feel better.
You kill the killer bee!
You feel sick.
A hippogriff comes into view.
You feel sick.
The hippogriff screeches!
You hear a shout!
The killer bee is no longer paralysed. x4; The killer bee stings you.
You are more poisoned.
The killer bee poisons you! The killer bee misses you.
The killer bee stings you. The killer bee barely misses you.
The killer bee closely misses you. x2
You hear a shout!
Things that are here:
a killer bee corpse x2
You puncture the killer bee!
You feel better.
The killer bee is heavily wounded.
The killer bee stings you! The killer bee stings you.
You are more poisoned.
The killer bee poisons you! The killer bee barely misses you.
Uskayaw will force your foes to share their pain.
Uskayaw links your audience in an emotional bond!
You puncture the killer bee!
You feel better.
You kill the killer bee!
You feel sick. The killer bee stings you. The killer bee barely misses you.
The killer bee stings you but does no damage.
The killer bee misses you. The killer bee stings you.
You miss the killer bee.
The killer bee is severely wounded.
You feel sick. The killer bee closely misses you.
The killer bee barely misses you.
The killer bee stings you but does no damage.
The killer bee stings you.
You are more poisoned.
The killer bee poisons you! The killer bee closely misses you. x2
You hit the killer bee but do no damage.
Your bite misses the killer bee.
The killer bee is severely wounded.
You feel sick. The killer bee barely misses you. x2
The killer bee misses you. The killer bee barely misses you.
The killer bee misses you.
You puncture the killer bee!
You feel better.
You kill the killer bee!
You feel sick.
The troll is no longer sharing its pain.
The killer bee is no longer sharing its pain. x2
The killer bee closely misses you. The killer bee barely misses you.
You can now merge with and destroy a victim.
You hit the killer bee.
You feel better.
Your bite misses the killer bee.
The killer bee is almost dead.
You feel sick.
The hippogriff is no longer sharing its pain.
The killer bee barely misses you. The killer bee stings you.
You are more poisoned.
The killer bee poisons you! The killer bee completely misses you.
The killer bee stings you.
You are more poisoned.
The killer bee poisons you! The hippogriff bites you. The hippogriff pecks you.
The hippogriff claws you!
You are too injured to fight recklessly!
You are too injured to fight recklessly!
You are too injured to fight recklessly!
You are too injured to fight recklessly!
You are too injured to fight recklessly!
You feel very sick. The killer bee stings you.
You are too injured to fight recklessly!
You barely miss the killer bee. Your bite misses the killer bee.
The killer bee is almost dead.
You feel sick. The killer bee barely misses you.
You miss the killer bee.
The killer bee is almost dead.
You feel sick. The killer bee barely misses you. The killer bee stings you.
You puncture the killer bee!
You feel better.
You kill the killer bee!
You feel sick. The killer bee stings you!
* * * LOW HITPOINT WARNING * * *
Okay, then.
You miss the killer bee.
The killer bee is heavily wounded.
You feel sick. The killer bee barely misses you. The killer bee stings you.
* * * LOW HITPOINT WARNING * * *
You are more poisoned.
The killer bee poisons you!
Okay, then.
Your system rejects the healing.
You feel better. The killer bee stings you!
* * * LOW HITPOINT WARNING * * *
You are poisoned.
The killer bee poisons you!
The killer bee stings you but does no damage.
You barely miss the killer bee.
The killer bee is heavily wounded.
You feel sick. The killer bee stings you.
You die...

#. # #..
#.##.#..
....... .
#..#.####.#
##..........
#>...HT.....
#y# .#
#@#####.#
#.....#.#
#####.#.#
#.#.## ##....#
.##.....#
#........#
#..#####.###.#
#.. #.....#


You could see a hippogriff, a troll and a killer bee.

Vanquished Creatures
  Duvessa (D:7)
  A sky beast (D:4)
  An ogre (D:5)
  A phantom (D:5)
  3 centaurs
  2 bullfrogs
  A big kobold (D:5)
  A water moccasin zombie (D:6)
  A scorpion (D:5)
  Dowan (D:7)
  5 killer bees (D:7)
  A howler monkey (D:5)
  2 orc priests
  A bullfrog skeleton (D:6)
  A centaur skeleton (D:3)
  5 orc wizards
  Natasha (thrice) (D:4)
  4 worker ants
  A hound zombie (D:6)
  4 adders
  An ooze (D:5)
  An adder zombie (D:6)
  2 adder skeletons
  2 worms
  3 dart slugs
  5 leopard geckos
  23 orcs
  A ball python (D:3)
  2 bat zombies (D:2)
  6 giant cockroaches (D:1)
  3 goblins
  10 hobgoblins
  14 jackals
  2 quokkas
  6 bats
  2 frilled lizards
  8 kobolds
  5 rats
  A rat zombie (D:2)
137 creatures vanquished.

Notes
Turn   | Place    | Note
-------+----------+-------------------------------------------
     0 | D:1      | MisterOstroum the Vine Stalker Archaeologist began the
                  | quest for the Orb.
     0 | D:1      | Reached XP level 1. HP: 11/11 MP: 2/2
     5 | D:1      | Reached skill level 1 in Fighting
    56 | D:1      | Reached XP level 2. HP: 17/17 MP: 3/3
   393 | D:1      | Reached skill level 1 in Short Blades
   542 | D:1      | Reached XP level 3. HP: 21/21 MP: 4/4
   660 | D:2      | Found a faded altar of an unknown god.
   670 | D:2      | Became a worshipper of Uskayaw the Reveler
   670 | D:2      | Reached * piety under Uskayaw
   901 | D:2      | Reached ** piety under Uskayaw
  1052 | D:2      | Found a hide-covered altar of Uskayaw.
  1252 | D:2      | Reached XP level 4. HP: 27/27 MP: 5/5
  1362 | D:2      | Found an ancient bone altar of Kikubaaqudgha.
  1552 | D:3      | Found a blossoming altar of Fedhas.
  1872 | D:3      | Reached XP level 5. HP: 17/32 MP: 6/6
  1872 | D:3      | Identified a scroll of acquirement
  2303 | D:4      | Noticed a sky beast
  2437 | D:4      | Identified the -2 pair of boots of Contentment {Str+3} (You
                  | acquired it on level 4 of the Dungeon)
  2437 | D:4      | Identified the ring of Mistrust {rPois rC+++ rN+ SInv
                  | Stlth-} (You acquired it on level 4 of the Dungeon)
  2531 | D:4      | Noticed Natasha
  2609 | D:4      | Reached skill level 1 in Invocations
  2609 | D:4      | Gained mutation: You have razor-sharp teeth. [Vine Stalker
                  | growth]
  2609 | D:4      | Reached XP level 6. HP: 37/37 MP: 7/7
  2711 | D:4      | Found Dacobuup's Book Shoppe.
  2779 | D:4      | Reached *** piety under Uskayaw
  2936 | D:4      | Killed a sky beast
  3003 | D:4      | Killed Natasha
  3374 | D:4      | Noticed Natasha
  3382 | D:4      | Killed Natasha
  3382 | D:4      | Reached XP level 7. HP: 43/43 MP: 5/9
  3402 | D:4      | Noticed Natasha
  3409 | D:4      | Killed Natasha
  3490 | D:4      | Found Dacobuup's Book Shoppe.
  3579 | D:5      | Entered Level 5 of the Dungeon
  3758 | D:5      | Found a stormy altar of Qazlal.
  3952 | D:5      | Found a staircase to the Ecumenical Temple.
  4096 | D:5      | Reached skill level 5 in Short Blades
  4141 | D:5      | Reached **** piety under Uskayaw
  4148 | D:5      | Reached skill level 5 in Fighting
  4148 | D:5      | Gained mutation: Your bite drains your enemy's life force.
                  | [Twilight Stalker growth]
  4148 | D:5      | Gained mutation: Your stealth is less affected by armour.
                  | [Twilight Stalker growth]
  4148 | D:5      | Gained mutation: You are slightly more attuned to the
                  | shadows. [Twilight Stalker growth]
  4148 | D:5      | Reached XP level 8. HP: 32/49 MP: 4/11
  4619 | D:6      | Found a shimmering blue altar of Sif Muna.
  5994 | D:7      | Noticed Duvessa
  5994 | D:7      | Noticed Dowan
  6004 | D:7      | Killed Dowan
  6006 | D:7      | Killed Duvessa
  6110 | D:7      | Reached XP level 9. HP: 52/56 MP: 8/13
  6112 | D:7      | Found a staircase to the Lair.
  6112 | D:7      | Noticed a troll
  6122 | D:7      | Reached ***** piety under Uskayaw
  6130 | D:7      | Slain by a killer bee

Skill      XL: |  1  2  3  4  5  6  7  8 |
---------------+-------------------------+-----
Fighting       | 1 2 3 4 5 6 |  6.6
Short Blades   | 1 2 3 4 5 6 |  6.9
Invocations    | 1 3 4 |  4.4
Maces & Flails | |  0.8
Dodging        | |  3.0
Stealth        | |  4.4

Action                   |  1- 3 |  4- 6 |  7- 9 || total
-------------------------+-------+-------+-------++-------
Melee: Whip              |    26 |       |       ||    26
       Bite              |    20 |    16 |    31 ||    67
       Dagger            |   146 |   185 |       ||   331
       Rapier            |       |    46 |   170 ||   216
Throw: Tomahawk          |       |     4 |       ||     4
       Stone             |       |       |     1 ||     1
Invok: Stomp             |       |     4 |     1 ||     5
Evoke: Wand              |       |       |     1 ||     1
  Use: Scroll            |       |     2 |     4 ||     6
       Potion            |       |       |     1 ||     1
 Stab: Sleeping          |    11 |    13 |     8 ||    32
       Paralysed         |       |     1 |     6 ||     7
       Distracted        |       |       |     1 ||     1
  Eat: Chunk             |     1 |     5 |     9 ||    15
       Ration            |       |     2 |       ||     2
Armor: Robe              |    81 |    61 |    50 ||   192
Dodge: Dodged            |   160 |   166 |   144 ||   470
